 Dungeon Crawl Stone Soup version 0.31.0-9-g3a7656b989 (webtiles) character file.

Game seed: 16264483184353450301

7 ProzacElf the Sneak (level 2, 24/24 HPs)
             Began as a Formicid Delver on Jan 24, 2024.
             Quit the game on level 8 of the Dungeon.
             The game lasted 00:02:15 (291 turns).

ProzacElf the Sneak (Formicid Delver)                Turns: 291, Time: 00:02:15

Health: 24/24      AC:  8    Str: 16    XL:     2   Next: 5%
Magic:  2/2        EV:  7    Int:  9    God:
Gold:   6          SH:  0    Dex: 15    Spells: 1/1 levels left

rFire   . . .        a - +0 hand axe
rCold   . . .        (no shield)
rNeg    . . .        h - +0 chain mail
rPois   .            (helmet unavailable)
rElec   .            (no cloak)
rCorr   .            (no gloves)
SInv    +            (no boots)
Will    .....        (no amulet)
Stlth   +            (no ring)
HPRegen 0.24/turn    (no ring)
MPRegen 0.08/turn

%: no passive effects
@: no status effects
A: permanent stasis, dig shafts and tunnels, antennae 3, four strong arms
a: Dig, Shaft Self


You were on level 8 of the Dungeon.
You visited 1 branch of the dungeon, and saw 2 of its levels.

You collected 6 gold pieces.

Inventory:

Hand Weapons
 a - a +0 hand axe (weapon)
 g - a +0 heavy mace
Armour
 b - a +0 leather armour
 e - a +2 pair of boots
 h - a +0 chain mail (worn)
Wands
 f - a wand of digging (3)
Scrolls
 c - a scroll of fog
 d - a scroll of revelation


   Skills:
 - Level 3.2 Fighting
 + Level 2.3 Axes
 + Level 2.1 Dodging
 - Level 6.0 Stealth


You had one spell level left.
You didn't know any spells.
Your spell library was empty.

Dungeon Overview and Level Annotations

Branches:
Dungeon (5/15)
 Temple: D:4-7

Altars:
Ru

Annotations:
D:5 Dowan, Duvessa
D:8 Erica


Innate Abilities, Weirdness & Mutations

You cannot be hasted, slowed, berserked, paralysed or teleported.
You can dig through walls and to a lower floor.
You have a pair of large antennae on your head. (SInv)
Your four strong arms can wield two-handed weapons with a shield.


Message History

Ye assume a fearsome visage.
Duvessa looks frighten'd!
Dowan looks frighten'd!
Dowan gestures wildly while chantin'.
Dowan blinks!
A water moccasin comes inta view.
Dowan casts a spell.
Dowan blinks!
Dowan casts a spell.
Dowan blinks!
Dowan casts a spell.
Dowan blinks!
Found a pair o' run'd boots an' a scroll labelled BISCHAPL GOVUTEPH.
Duvessa says, "Me weaknesses be his str'ngths!"
Health restored: 24 Duvessa zaps a wand.
Tha puff o' flame misses ye.
Ye see 'ere a +2 pair o' boots.
e - a +2 pair o' boots Ye begin ta dig a shaft.
Ye continue diggin' a shaft.
Tha water moccasin bites ye but does nay damage.
A shaft appears beneath ye!
Ye fall inta a shaft an' drop 3 floors!
Tha shaft crumbles an' collapses.
Found 2 poison'd darts an' a long sword.
Found 6 gold pieces an' a scroll labelled WOLAWUX BUOD.
Ye now haf 6 gold pieces.
Found a stone staircase leadin' down.
i - a scroll labelled WOLAWUX BUOD Erica tha Fiery-Temp'red comes inta view.
She be wieldin' a +2 scimitar o' flamin'.
Erica shouts!
Ye hear a shout!
Ye hear a croak.
Erica stares at ye an' mumbles some strange words.
Yer stasis prevents ye from bein' slowed.
An orc comes inta view.
It be wieldin' a +0 mace.
Tha orc shouts!
An orc comes inta view.
It be wieldin' a +0 hand axe.
An orc comes inta view.
It be wieldin' a +0 club.
Found an amethyst potion.
Tha orc shouts! x2
As ye read tha scroll labelled WOLAWUX BUOD, it crumbles ta dust.
It be a scroll o' identify.
Ye dinnae currently haf any unidentified items.
Be ye sure ye want ta abandon 'tis character an' quit tha game? (Confirm wit' "aye".)

..... #. ..... #{
...... #. #######
...o!. #. ##>.....#
..oo# ##.
##.#####.# ...
{..###.........
#.#####.#.#######.#
#.@......########.#
##########.........
#.#######. #.# .
#.# { . #.# . #.# .
#.. . ###


You could see 3 orcs.

Vanquished Creatures
  A ribbon worm (D:5)
  A hobgoblin (D:5)
  A bat (D:5)
  A frilled lizard (D:5)
  A kobold (D:5)
5 creatures vanquished.

Notes
Turn   | Place    | Note
-------+----------+-------------------------------------------
     0 | D:5      | ProzacElf the Formicid Delver began the quest for the Orb.
     0 | D:5      | Reached XP level 1. HP: 18/18 MP: 1/1
   212 | D:5      | Found a sacrificial altar of Ru.
   233 | D:5      | Reached XP level 2. HP: 23/24 MP: 2/2
   246 | D:5      | Noticed Duvessa
   246 | D:5      | Noticed Dowan
   247 | D:5      | Noticed a water moccasin
   262 | D:5      | You fall into a shaft and drop 3 floors!
   284 | D:8      | Noticed Erica
   291 | D:8      | Quit the game

Illustrated notes

Levels and vault maps discovered:
D:5:      layout_basic, nicolae_ru_great_annihilating_truth,
          lemuel_coloured_pillars_altar, uniq_eustachio, uniq_duvessa
D:8:      layout_loops_ring, mainiacjoe_overflow_alcove_1, bloody_trog,
          uniq_erica

Skill      XL: |  1 |
---------------+----+-----
Dodging        | 2 |  2.1
Fighting       | |  3.2
Axes           | |  2.3
Stealth        | |  6.0

Action                     || total
---------------------------++-------
  Melee: Hand axe          ||    24
Ability: Shaft Self        ||     1
    Use: Scroll            ||     2
   Stab: Paralysed         ||     2
 Armour: Chain mail        ||    14
         Leather armour    ||     4
  Dodge: Dodged            ||     5

Action                     || total
---------------------------++-------
  Melee: Hand axe          ||    24
Ability: Shaft Self        ||     1
    Use: Scroll            ||     2
   Stab: Paralysed         ||     2
 Armour: Chain mail        ||    14
         Leather armour    ||     4
  Dodge: Dodged            ||     5

Levels and vault maps discovered:
D:5:      layout_basic, nicolae_ru_great_annihilating_truth,
          lemuel_coloured_pillars_altar, uniq_eustachio, uniq_duvessa
D:8:      layout_loops_ring, mainiacjoe_overflow_alcove_1, bloody_trog,
          uniq_erica
